 Dungeon Crawl Stone Soup version 0.28-a0-1080-g05a166d0ed (webtiles) character file.

Game seed: 6778447976677114946

59739 leviel the Carver (level 14, -9/130 HPs)
             Began as a Hill Orc Fighter on Dec 9, 2021.
             Was a High Priest of the Shining One.
             Mangled by a catoblepas (20 damage)
             ... on level 5 of the Lair of Beasts.
             The game lasted 00:48:17 (29342 turns).

leviel the Carver (Hill Orc Fighter)               Turns: 29342, Time: 00:48:17

Health: -9/130     AC: 21    Str: 19    XL:     14   Next: 96%
Magic:  21/21      EV: 11    Int:  8    God:    the Shining One [*****.]
Gold:   1425       SH: 12    Dex: 21    Spells: 13/13 levels left

rFire   + + .      SeeInvis .   H - +7 long sword (holy)
rCold   + . .      Faith    .   c - +1 buckler
rNeg    + + .      Spirit   .   N - +1 plate armour
rPois   .          Reflect  +   K - +0 helmet "Riediof" {Rampage rF+ Will+ Str-5}
rElec   .          Harm     .   D - scarf {rC+ rF+}
rCorr   .          Rampage  +   Q - +0 pair of gloves {Dex+3}
Will    ++...                   L - +0 pair of boots
Stlth   ..........              n - amulet of reflection
HPRegen 0.31/turn               l - +6 ring of dexterity
MPRegen 0.17/turn               C - +4 ring of slaying

@: lethally poisoned (-9 -> -28), about to teleport, glowing
A: agile 1, wild magic 1, MP-powered wands
a: Renounce Religion, Divine Shield, Cleansing Flame, Summon Divine Warrior


You were on level 5 of the Lair of Beasts.
You worshipped the Shining One.
The Shining One was extremely pleased with you.
You visited 4 branches of the dungeon, and saw 21 of its levels.
You also visited: Ossuary, Gauntlet and Volcano.

You collected 1494 gold pieces.
You spent 69 gold pieces at shops.

Inventory:

Hand Weapons
 a - a +0 long sword of flaming
 E - a +5 great sword of freezing
 F - a +1 scimitar of electrocution
 H - a +7 long sword of holy wrath (weapon)
Missiles
 k - 2 throwing nets
 o - 128 poisoned darts (quivered)
 x - 5 curare-tipped darts
Armour
 c - a +1 buckler (worn)
 D - a scarf of resistance (worn)
 K - the +0 helmet "Riediof" (worn) {Rampage rF+ Will+ Str-5}
   (You found it in a Gauntlet)

   Str:       It affects your strength (-5).
   rF:        It protects you from fire.
   Rampage:   It bestows one free step when moving towards enemies.
   Will:      It increases your willpower.
 L - a +0 pair of boots (worn)
 N - a +1 plate armour (worn)
 Q - a +0 pair of gloves of dexterity (worn)
Jewellery
 i - the ring of the Death Scarab {*Corrode rN+ Str+4 Dex+6}
   (You took it off a minotaur in a Gauntlet)

   [ring of dexterity]

   Str:       It affects your strength (+4).
   Dex:       It affects your dexterity (+6).
   rN:        It protects you from negative energy.
   *Corrode:  It may corrode you when you take damage.
 l - a +6 ring of dexterity (left hand)
 n - an amulet of reflection (around neck)
 p - the ring "Ymyptof Zoa" {Wiz rElec Int+4}
   (You took it off an orc warrior on level 7 of the Dungeon)

   [ring of wizardry]

   It improves your spell success rate.
   Int:       It affects your intelligence (+4).
   rElec:     It insulates you from electricity.
 t - a ring of ice {rC+ rF-}
 A - an amulet of guardian spirit
 C - a +4 ring of slaying (right hand)
 M - a ring of resist corrosion
 P - an amulet of regeneration
 S - a ring of positive energy
Wands
 q - a wand of acid (1)
 u - a wand of digging (6)
 y - a wand of iceblast (9)
 B - a wand of polymorph (4)
 G - a wand of paralysis (5)
Scrolls
 b - a scroll of magic mapping
 f - 7 scrolls of identify {@r1}
 g - a scroll of teleportation
 j - 3 scrolls of amnesia
 m - 4 scrolls of fog
Potions
 d - 2 potions of might
 e - 5 potions of flight
 h - 7 potions of curing
 r - 5 potions of brilliance
 s - a potion of cancellation
 w - 4 potions of mutation
 z - 2 potions of magic
 I - a potion of attraction
 J - 2 potions of invisibility
 O - a potion of haste {unknown}
 R - 8 potions of ambrosia


   Skills:
 - Level 13.8 Fighting
 - Level 14.0 Long Blades
 - Level 6.0 Throwing
 - Level 12.7 Armour
 - Level 9.5 Dodging
 - Level 6.1 Shields
 - Level 10.0 Invocations
 + Level 5.1 Evocations


You had 13 spell levels left.
You didn't know any spells.
Your spell library contained the following spells:

 Spells                   Type           Power      Damage    Failure   Level
 Animate Skeleton         Necr           0%         N/A       100%        1
 Apportation              Tloc           0%         N/A       100%        1
 Beastly Appendage        Tmut           0%         N/A       100%        1
 Magic Dart               Conj           0%         1d3       100%        1
 Sandblast                Erth           0%         2d4       100%        1
 Summon Small Mammal      Summ           0%         N/A       100%        1
 Blink                    Tloc           0%         N/A       100%        2
 Call Imp                 Summ           0%         N/A       100%        2
 Passwall                 Tmut/Erth      0%         N/A       100%        2
 Conjure Flame            Conj/Fire      0%         6-21      100%        3
 Gell's Gravitas          Tloc           0%         N/A       100%        3
 Lesser Beckoning         Tloc           0%         N/A       100%        3
 Mephitic Cloud           Conj/Pois/Air  0%         N/A       100%        3
 Stone Arrow              Conj/Erth      0%         3d7       100%        3
 Teleport Other           Tloc           0%         N/A       100%        3
 Animate Dead             Necr           0%         N/A       100%        4
 Flame Wave               Conj/Fire      0%         2d4       100%        4
 Leda's Liquefaction      Hex/Erth       0%         N/A       100%        4
 Summon Ice Beast         Ice/Summ       0%         N/A       100%        4
 Summon Lightning Spire   Summ/Air       0%         N/A       100%        4
 Blade Hands              Tmut           0%         N/A       100%        5
 Borgnjor's Vile Clutch   Necr/Erth      0%         N/A       100%        5
 Lee's Rapid Deconstruct  Erth           0%         3d5*      100%        5
 Manifold Assault         Tloc           0%         N/A       100%        5
 Summon Mana Viper        Hex/Summ       0%         N/A       100%        5
 Death Channel            Necr           0%         N/A       100%        6
 Statue Form              Tmut/Erth      0%         N/A       100%        6
 Monstrous Menagerie      Summ           0%         N/A       100%        7
 Storm Form               Tmut/Air       0%         N/A       100%        7
 Maxwell's Capacitive Co  Air            0%         ∞         100%        8


Dungeon Overview and Level Annotations

Branches:
Dungeon (12/15)            Temple (1/1) D:6            Lair (6/6) D:9
 Shoals (0/4) Lair:4        Snake (0/4) Lair:4          Orc (2/2) D:9
Ossuary (visited)         Volcano (visited)         Gauntlet (visited)
  Slime: Lair:5-6       Elf: Orc:2

Altars:
Ashenzari
Cheibriados
Dithmenos
Elyvilon
Fedhas
Gozag
Hepliaklqana
Kikubaaqudgha
Makhleb
Nemelex Xobeh
Okawaru
Qazlal
Ru
Sif Muna
Trog
Uskayaw
Vehumet
Wu Jian
Xom
Yredelemnul
Zin
The Shining One

Shops:
D:1 (   D:2 *   D:3 :   D:7 *[   D:8 !:*

Annotations:
Lair:2 exclusion: oklob plant


Innate Abilities, Weirdness & Mutations

You are agile. (Dex +2)
Your spells are a little harder to cast, but a little more powerful.
You expend magic power (3 MP) to strengthen your wands.


Message History

Your surroundings suddenly seem different. 2 water moccasins and a death yak come into view.
Found 18 gold pieces.
The water moccasin hisses angrily. x2; You hear a bellow!
A death yak comes into view.
The yak moves out of view.
You hear a bellow!
A basilisk comes into view.
Found an escape hatch in the ceiling.
The basilisk hisses angrily.
Blink to where?
Press: ? - help, Dir - move target
As you read the scroll of blinking, it crumbles to dust.
The basilisk gazes at you. You resist with almost no effort.
A mysterious force pulls you upwards. The hatch slams shut behind you.
The catoblepas bellows!
The yak bellows! x2; The death yak bellows!
The cane toad croaks.
The catoblepas breathes a plume of calcifying dust at you.
The blast of calcifying dust hits you but does no damage.
The blast of calcifying dust hits the basilisk!
You block the cane toad's attack. The catoblepas completely misses you.
Found 21 stones.
As you read the scroll of teleportation, it crumbles to dust.
You feel strangely unstable.
You are engulfed in calcifying dust.
The cane toad stings you but does no damage.
The catoblepas gores you but does no damage.
The basilisk is engulfed in calcifying dust.
The basilisk is moving more slowly.
You block the basilisk's attack. The cane toad stings you.
* * * LOW HITPOINT WARNING * * *
You are lethally poisoned!
The cane toad poisons you!
You slice the plant!!
The plant begins to die.
The plant is lightly damaged.
You are engulfed in calcifying dust.
* * * LOW HITPOINT WARNING * * *
You feel very sick. You block the yak's attack. The catoblepas gores you!!
You die...

♣♣♣.. ## ♣.♣..♣
♣##.# .♣....(
♣P#.#
.....P.♣♣...#
.P..PPP.....###
.P≈≈.§.......P.
P≈≈≈..l.P......
.≈≈≈≈.P@PP.....
.≈≈≈≈YFYY......
..≈≈≈..Y.......
P.≈≈.Y.P.......
P.......♣......
........♣......
P.....♣.♣♣.....
.PP...♣♣♣ #....


You could see a death yak, a catoblepas, 3 yaks, a cane toad and a basilisk
(petrifying).

Vanquished Creatures
  Frances (D:12)
  Azrael (Orc:2)
  A minotaur (Gauntlet)
  A green death (Gauntlet)
  Snorg (D:12)
  A fire dragon (Volcano)
  Fannar (D:12)
  4 hydras
  An anaconda (Lair:4)
  Erica (D:8)
  5 two-headed ogres
  10 death yaks
  2 orc high priests (Orc:2)
  3 sun demons (Volcano)
  An orc knight (D:9)
  An orc sorcerer (Orc:2)
  A cyclops (D:7)
  2 ugly things (D:12)
  2 manticores (D:7)
  7 elephants
  7 black mambas
  A smoke demon (Volcano)
  The ghost of voltaire321 the Conjurer, a novice DrCj (D:8)
  2 merfolk sirens (Lair:4)
  2 unseen horrors (D:7)
  A gargoyle (D:11)
  6 cane toads
  An orange demon (Gauntlet)
  Psyche (D:9)
  9 komodo dragons
  2 rime drakes
  A merfolk (Lair:4)
  A troll (D:7)
  3 polar bears
  9 blink frogs
  A queen bee (Lair:3)
  2 hornets
  3 large abominations (Gauntlet)
  3 small abominations (Gauntlet)
  A wraith (D:10)
  38 yaks
  3 wyverns
  The ghost of r3xj the Chopper, an amateur MiBe of Trog (D:4)
  A shadow (D:7)
  2 basilisks
  3 fire elementals
  Eustachio (D:5)
  2 vampire mosquitoes (D:12)
  5 steam dragons (Volcano)
  2 wargs (Orc:1)
  3 nagas (Lair:4)
  Menkaure (Ossuary)
  3 acid dragons
  5 hell hounds
  17 water moccasins
  20 orc warriors
  4 ice beasts
  A sky beast (D:7)
  7 ogres
  2 necrophages
  5 black bears
  8 wolves
  3 centaurs
  A phantom (D:6)
  3 elf zombies (D:5)
  3 kobold brigands
  12 bullfrogs
  3 gnoll sergeants
  A scorpion (D:7)
  A wyvern zombie (D:7)
  2 water moccasin skeletons (D:7)
  8 wights
  35 killer bees
  7 howler monkeys
  2 centaur zombies
  2 hounds (D:5)
  8 orc priests
  2 centaur skeletons
  2 human zombies (D:5)
  2 jellies (D:6)
  A gnoll shaman (D:5)
  3 human skeletons (D:5)
  An iguana (D:7)
  Natasha (twice) (D:4)
  16 orc wizards
  A killer bee zombie (D:4)
  3 mummies (Ossuary)
  A howler monkey zombie (D:9)
  13 gnolls
  10 adders
  2 howler monkey skeletons (D:7)
  2 white imps (D:6)
  2 ufetubi
  An adder skeleton (D:5)
  5 worms
  4 dart slugs (D:2)
  50 orcs
  9 endoplasms
  2 giant cockroaches
  2 gnoll zombies (Ossuary)
  11 goblins
  8 hobgoblins
  7 quokkas
  3 ball pythons
  7 bats
  A frilled lizard (D:1)
  5 gnoll skeletons (Ossuary)
  5 goblin skeletons (Ossuary)
  4 goblin zombies (Ossuary)
  4 hobgoblin skeletons (Ossuary)
  8 hobgoblin zombies (Ossuary)
  22 kobolds
  4 kobold skeletons (Ossuary)
  A kobold zombie (Ossuary)
  4 orc skeletons
  An orc zombie (Ossuary)
  7 rats
  6 rat skeletons (Ossuary)
  9 rat zombies (Ossuary)
582 creatures vanquished.

Vanquished Creatures (others)
  A steam dragon (Volcano)
  An orc (Orc:2)
  A kobold (D:9)
  A rat (D:3)
  14 demonic plants (Gauntlet)
  51 fungi
  73 plants
142 creatures vanquished.

Grand Total: 724 creatures vanquished

Notes
Turn   | Place    | Note
-------+----------+-------------------------------------------
     0 | D:1      | leviel the Hill Orc Fighter began the quest for the Orb.
     0 | D:1      | Reached XP level 1. HP: 19/19 MP: 1/1
   349 | D:1      | Reached XP level 2. HP: 27/27 MP: 2/2
   847 | D:1      | Found Nogom's Weapon Boutique.
   851 | D:1      | Reached XP level 3. HP: 33/33 MP: 3/3
  1052 | D:2      | Reached skill level 3 in Long Blades
  1091 | D:2      | Found a sacrificial altar of Ru.
  1240 | D:2      | Reached XP level 4. HP: 37/40 MP: 4/4
  1278 | D:2      | Reached skill level 1 in Dodging
  1814 | D:2      | Found Jigruum's Assorted Antiques.
  1823 | D:2      | Bought a scroll labelled BOEMUA AFFO for 33 gold pieces
  2028 | D:3      | Found Adwiur's Book Shop.
  2230 | D:3      | Reached XP level 5. HP: 18/46 MP: 5/5
  2463 | D:3      | Reached skill level 4 in Long Blades
  3635 | D:4      | Reached XP level 6. HP: 48/53 MP: 6/6
  3732 | D:4      | Noticed Natasha
  3739 | D:4      | Killed Natasha
  3823 | D:4      | Found a runed translucent door.
  3828 | D:4      | Noticed r3xj's ghost (amateur MiBe)
  3831 | D:4      | Noticed Natasha
  3844 | D:4      | Killed Natasha
  4105 | D:4      | Killed r3xj's ghost
  4257 | D:5      | Entered Level 5 of the Dungeon
  4289 | D:5      | Reached XP level 7. HP: 59/60 MP: 7/7
  4302 | D:5      | Reached skill level 1 in Throwing
  4583 | D:5      | Reached skill level 5 in Long Blades
  4611 | D:5      | Reached skill level 5 in Fighting
  4911 | D:5      | Found a sand-covered staircase.
  4929 | Ossuary  | Entered an ossuary
  5099 | Ossuary  | Reached skill level 5 in Shields
  5352 | Ossuary  | Noticed Menkaure
  5368 | Ossuary  | Killed Menkaure
  5369 | Ossuary  | Reached skill level 5 in Armour
  5369 | Ossuary  | Reached XP level 8. HP: 33/69 MP: 8/8
  5575 | Ossuary  | Gained mutation: Your spells are a little harder to cast,
                  | but a little more powerful. [potion of mutation]
  5575 | Ossuary  | Gained mutation: You expend magic power (3 MP) to
                  | strengthen your wands. [potion of mutation]
  5575 | Ossuary  | Gained mutation: You are agile. (Dex +2) [potion of
                  | mutation]
  5589 | D:5      | Reached skill level 6 in Long Blades
  5985 | D:5      | Noticed Eustachio
  5989 | D:5      | Killed Eustachio
  6347 | D:6      | Noticed a yak
  6348 | D:6      | Noticed a yak
  6348 | D:6      | Noticed a yak
  6348 | D:6      | Noticed a yak
  6349 | D:6      | Noticed a yak
  6378 | D:5      | Killed a yak
  6384 | D:5      | Killed a yak
  6385 | D:5      | Reached skill level 7 in Long Blades
  6385 | D:5      | Reached XP level 9. HP: 50/75 MP: 9/9
  7342 | D:6      | Reached skill level 8 in Long Blades
  7832 | D:6      | Found a staircase to the Ecumenical Temple.
  7838 | Temple   | Entered the Ecumenical Temple
  8008 | Temple   | Became a worshipper of the Shining One
  8415 | D:7      | Got Sif Muna's Compendium of Transmigration
  8894 | D:7      | Found Bayajidda's Dragon-Slaying Spoils.
  9104 | D:7      | Found Ovagu's CLEARANCE SALE!.
  9113 | D:7      | Bought a wand of iceblast (5) for 36 gold pieces
  9192 | D:7      | Identified the +1 ring mail of Hages {Harm Dex+3}
  9342 | D:7      | Reached XP level 10. HP: 86/86 MP: 10/10
  9363 | D:7      | Reached skill level 9 in Long Blades
  9847 | D:7      | Reached * piety under the Shining One
  9852 | D:7      | Noticed a manticore
  9931 | D:7      | Killed a manticore
 10051 | D:7      | Identified the ring "Ymyptof Zoa" {Wiz rElec Int+4}
 10273 | D:7      | Noticed a two-headed ogre
 10311 | D:7      | Killed a two-headed ogre
 10312 | D:7      | Reached skill level 10 in Long Blades
 10312 | D:7      | Reached skill level 5 in Throwing
 10312 | D:7      | Reached skill level 5 in Dodging
 10893 | D:7      | Noticed a cyclops
 10899 | D:7      | Killed a cyclops
 10907 | D:7      | Noticed a manticore
 10919 | D:7      | Killed a manticore
 10920 | D:7      | Reached XP level 11. HP: 67/95 MP: 11/11
 11411 | D:7      | Got Yneel's Reference Book on the Fiery Compass
 11595 | D:8      | Reached skill level 11 in Long Blades
 11848 | D:8      | Found Xaacudo's Book Shop.
 11872 | D:8      | Found Joum's Distillery.
 12215 | D:8      | Found Medut's General Store.
 12271 | D:8      | Reached ** piety under the Shining One
 12409 | D:8      | Noticed Erica
 12418 | D:8      | Killed Erica
 12807 | D:8      | Found a runed translucent door.
 12812 | D:8      | Noticed voltaire321's ghost (novice DrCj)
 13121 | D:8      | Killed voltaire321's ghost
 13483 | D:9      | Found a staircase to the Orcish Mines.
 13508 | D:9      | Noticed Psyche
 13528 | D:9      | Killed Psyche
 13818 | D:9      | Noticed a two-headed ogre
 13827 | D:9      | Killed a two-headed ogre
 13828 | D:9      | Reached skill level 12 in Long Blades
 13947 | D:9      | Found a staircase to the Lair.
 14014 | D:9      | Identified the +3 ring mail of the King of Wands {rElec
                  | Will+++ Str+3 Stlth-}
 14020 | D:9      | Reached XP level 12. HP: 106/106 MP: 12/12
 14378 | D:10     | Entered Level 10 of the Dungeon
 14394 | D:10     | Reached skill level 10 in Fighting
 14633 | D:10     | Found a bloodstained altar of Trog.
 14637 | D:10     | Found a glowing silver altar of Zin.
 15114 | D:10     | Found a radiant altar of Vehumet.
 15114 | D:10     | Found a shimmering altar of Xom.
 15120 | D:10     | Found a sparkling altar of Nemelex Xobeh.
 15123 | D:10     | Found a basalt altar of Yredelemnul.
 15353 | D:11     | Found a gate leading to a gauntlet.
 15368 | D:11     | Noticed a two-headed ogre
 15378 | D:11     | Killed a two-headed ogre
 15390 | Gauntlet | Entered a Gauntlet
 15390 | Gauntlet | Noticed a green death
 15390 | Gauntlet | Found a transporter.
 15390 | Gauntlet | Found a transporter.
 15390 | Gauntlet | Found a transporter.
 15566 | Gauntlet | Found a transporter.
 15566 | Gauntlet | Found a transporter.
 15568 | Gauntlet | Noticed a tengu warrior
 15572 | Gauntlet | Reached *** piety under the Shining One
 15594 | Gauntlet | Found a transporter.
 15604 | Gauntlet | Found a transporter.
 15621 | Gauntlet | Found a transporter.
 15635 | Gauntlet | Found a transporter.
 15647 | Gauntlet | Found a transporter.
 15656 | Gauntlet | Found a transporter.
 15671 | Gauntlet | Found a transporter.
 15791 | Gauntlet | Killed a green death
 15997 | Gauntlet | Identified the +1 ring mail of the Cicada {rC+}
 16030 | Gauntlet | Reached skill level 13 in Long Blades
 16049 | Gauntlet | Identified the +0 helmet "Riediof" {Rampage rF+ Will+
                  | Str-5}
 16225 | Gauntlet | Identified the ring of the Death Scarab {*Corrode rN+ Str+4
                  | Dex+6}
 16225 | Gauntlet | Noticed a minotaur
 16234 | Gauntlet | Killed a minotaur
 17138 | Lair:1   | Entered Level 1 of the Lair of Beasts
 17594 | Lair:1   | Reached skill level 10 in Armour
 17644 | Lair:1   | Noticed a four-headed hydra
 17651 | Lair:1   | Killed a five-headed hydra
 17996 | Lair:1   | Noticed a seven-headed hydra
 18006 | Lair:1   | Killed a one-headed hydra
 18422 | Lair:2   | Reached XP level 13. HP: 90/116 MP: 13/13
 18631 | Lair:2   | Reached skill level 14 in Long Blades
 20068 | Lair:3   | Reached skill level 1 in Invocations
 21668 | Lair:4   | Reached **** piety under the Shining One
 21858 | Lair:4   | Reached skill level 5 in Invocations
 22060 | Lair:4   | Identified the +1 shortbow of Evetu {flame, +Blink}
 22411 | Lair:4   | Found a staircase to the Snake Pit.
 22893 | Orc:1    | Entered Level 1 of the Orcish Mines
 22919 | D:9      | HP: 2/119 [orc knight (17)]
 23669 | Orc:2    | Entered Level 2 of the Orcish Mines
 23672 | Orc:2    | Noticed Azrael
 23966 | Orc:1    | Reached XP level 14. HP: 113/127 MP: 18/18
 24116 | Orc:2    | Killed Azrael
 25050 | Orc:2    | Noticed an orc warlord
 25904 | D:12     | Reached ***** piety under the Shining One
 26207 | D:12     | Noticed Fannar
 26219 | D:12     | Killed Fannar
 26568 | D:12     | Noticed Frances
 26577 | D:12     | Killed Frances
 26821 | D:12     | Noticed Snorg
 26852 | D:12     | Killed Snorg
 27899 | Lair:4   | Found a staircase to the Shoals.
 28164 | Lair:5   | You fall into a shaft and drop 1 floor!
 28164 | Lair:6   | Entered Level 6 of the Lair of Beasts
 28213 | Lair:6   | Reached skill level 10 in Invocations
 28224 | Lair:6   | Reached skill level 1 in Evocations
 28423 | Lair:6   | Found a dark tunnel.
 28429 | Volcano  | Entered a volcano
 29319 | Lair:6   | Reached skill level 5 in Evocations
 29342 | Lair:5   | Mangled by a catoblepas

Illustrated notes

Levels and vault maps discovered:
D:1:      amcnicky_arrival_wind_blow, layout_basic, serial_shops,
          nicolae_diamond_shop
D:2:      layout_rooms, serial_shops, shop, basic_altar
D:3:      layout_basic, serial_shops, shop, chequers_serial_rivers_large_b
D:4:      layout_cave_pools, ebering_ghost_reflecting_pool, uniq_natasha
D:5:      layout_basic, nicolae_ossuary_entry_catacombs, uniq_eustachio
D:6:      mumra_celtic_spiral_tile, layout_rooms,
          minmay_temple_entry_enclosed_plants
D:7:      minmay_the_grid_octo_tiled_octocenter
          [minmay_the_grid_octo_checkerflower,
          minmay_the_grid_octo_vomiting_pacman, minmay_the_grid_octo_clover,
          minmay_the_grid_octo_teeth, minmay_the_grid_octo_prize_big_c,
          minmay_the_grid_square_5x5_inverted_slash,
          minmay_the_grid_square_5x5_checkered,
          minmay_the_grid_square_5x5_lines,
          minmay_the_grid_square_5x5_moneybag], layout_layer_cave,
          nicolae_shop_dragon_depot, hangedman_decor_growths,
          nicolae_shop_clearance
D:8:      layout_basic, ebering_ghost_reflecting_pool, serial_shops,
          nicolae_shop_stone, nicolae_shop_statue_plus,
          nicolae_shop_competitors_out_of_business, glass_columns_a, uniq_erica
D:9:      layout_roguey, due_lair_maze_entry_diamond, erik_orc_3,
          grunt_decor_clamped, uniq_psyche
D:10:     layout_cave_pools, nicolae_overflow_hallway_of_the_gods
D:11:     layout_roguey, gauntlet_entry_generic, evilmike_minifort
D:12:     layout_stronghold, lemuel_flamethrower_2, uniq_snorg, uniq_frances,
          uniq_fannar
Temple:   eino_temple_scatter_basement
Lair:1:   gammafunk_indiana_jones, layout_loops_ring, serial_bayou_pond_c
Lair:2:   minmay_lair_oklob_tunnel, layout_big_grid, serial_bayou_pond_d
Lair:3:   layout_long_grid, special_room [special_room_bee], grunt_megastairs_3
Lair:4:   beast_lair_carwin_large_2, layout_loops_ring,
          elwin_shoals_entry_rooms, guppyfry_snake_entry_garden,
          serial_bayou_crossing
Lair:5:   layout_roguey, nicolae_slime_entry_slimehenge,
          nicolae_lair_yak_garden, serial_bayou_shore_b
Lair:6:   due_jungle_book, layout_big_grid, enter_volcano_1
Orc:1:    layout_caves, minmay_orc_temple_b
Orc:2:    st_orc_congregation, layout_caves, uniq_azrael

Skill      XL: |  1  2  3  4  5  6  7  8  9 10 11 12 13 14 |
---------------+-------------------------------------------+-----
Long Blades    | 3 4 5 7 8 10 12 13 14 | 14.0
Fighting       | 4 5 6 7 8 9 11 12 13 | 13.8
Dodging        | 1 2 3 4 5 6 7 8 9 |  9.5
Shields        | 4 5 6 |  6.1
Armour         | 4 5 6 7 9 10 11 12 | 12.7
Throwing       | 2 3 4 5 6 |  6.0
Invocations    | 6 10 | 10.0
Evocations     | 5 |  5.1

Action                   |  1- 3 |  4- 6 |  7- 9 | 10-12 | 13-15 || total
-------------------------+-------+-------+-------+-------+-------++-------
Melee: Long sword        |    92 |   233 |   547 |   597 |   881 ||  2350
       Scimitar          |       |       |       |       |     6 ||     6
Throw: Dart              |       |       |    17 |    43 |     4 ||    64
       Throwing net      |       |       |     2 |       |       ||     2
Invok: Divine Shield     |       |       |       |     1 |       ||     1
       Summon Divine War |       |       |       |       |     1 ||     1
Evoke: Wand              |       |       |     2 |     1 |     1 ||     4
  Use: Scroll            |     1 |     8 |     7 |    11 |    17 ||    44
       Potion            |       |     2 |     6 |     3 |     5 ||    16
Armor: Scale mail        |    47 |   136 |   187 |   123 |     7 ||   500
       Skin              |       |       |     2 |     6 |       ||     8
       Plate armour      |       |       |       |       |   260 ||   260
Dodge: Dodged            |    42 |   115 |   206 |   240 |   267 ||   870
Block: Buckler           |    18 |    77 |   273 |   281 |   458 ||  1107
       Reflection        |       |       |     3 |     8 |     9 ||    20

Table legend: (Time is in decaauts)
 A = Elapsed time spent in this place.
 B = Non-inter-level travel time spent in this place.
 C = Inter-level travel time spent in this place.
 D = Time resting spent in this place.
 E = Time spent auto-exploring this place.
 F = Levels seen in this place.
 G = Mean time per level.
                   A        B        C        D        E       F      G
               +--------+--------+--------+--------+--------+-----+--------+
         Total |  29166 |  27928 |   1238 |   8202 |  14902 |  24 | 1215.2 |
       Dungeon |  17758 |  16902 |    856 |   4339 |   9797 |  12 | 1479.8 |
        Temple |    180 |    164 |     16 |      0 |    138 |   1 |  180.0 |
          Lair |   6705 |   6354 |    351 |   1194 |   4258 |   6 | 1117.5 |
  Orcish Mines |   1931 |   1917 |     14 |   1495 |    152 |   2 |  965.5 |
       Ossuary |    667 |    667 |      0 |    121 |    250 |   1 |  667.0 |
       Volcano |    867 |    867 |      0 |    408 |    226 |   1 |  867.0 |
      Gauntlet |   1054 |   1054 |      0 |    645 |     80 |   1 | 1054.0 |
               +--------+--------+--------+--------+--------+-----+--------+

Top non-repeatable levels by time:
     D:7: 3343 daAuts
     D:9: 2329 daAuts
  Lair:4: 2185 daAuts
   Orc:1: 1755 daAuts
     D:5: 1726 daAuts
     D:8: 1660 daAuts
  Lair:3: 1533 daAuts
     D:6: 1411 daAuts
  Lair:2: 1379 daAuts
     D:3: 1346 daAuts
  Lair:1: 1323 daAuts
    D:12: 1256 daAuts
     D:4: 1059 daAuts
Gauntlet: 1054 daAuts
     D:2: 1014 daAuts
